 Dungeon Crawl Stone Soup version 0.22-a0-419-g492bfec (webtiles) character file.

86 4thArraOfDagon the Cudgeler (level 4, 0/36 HPs)
             Began as a Demigod Warper on May 15, 2018.
             Slain by a hobgoblin (2 damage)
             ... on level 3 of the Dungeon.
             The game lasted 00:04:46 (1534 turns).

4thArraOfDagon the Cudgeler (Demigod Warper)        Turns: 1534, Time: 00:04:47

Health: 0/36       AC:  6    Str: 14    XL:     4   Next: 6%
Magic:  9/9        EV: 11    Int: 19    God:
Gold:   95         SH:  0    Dex: 15    Spells: 6/6 levels left

rFire    . . .     SeeInvis +   a - +0 mace
rCold    . . .     Gourm    .   (no shield)
rNeg     . . .     Faith    .   m - +0 ring mail
rPois    .         Spirit   .   b - +0 helmet
rElec    .         Reflect  .   (no cloak)
rCorr    .         Harm     .   (no gloves)
MR       .....                  (no boots)
Stlth    +.........             (no amulet)
HPRegen  0.12/turn              i - ring of see invisible
MPRegen  0.11/turn              (no ring)

@: no status effects
A: high mp 1
a: no special abilities


You were on level 3 of the Dungeon.
You were not hungry.

You visited 1 branch of the dungeon, and saw 3 of its levels.

You collected 95 gold pieces.

Inventory:

Hand Weapons
 a - a +0 mace (weapon)
Missiles
 e - 2 tomahawks of dispersal (quivered)
Armour
 b - a +0 helmet (worn)
 m - a +0 ring mail (worn)
Jewellery
 i - a ring of see invisible (left hand)
Scrolls
 c - 2 scrolls of identify {unknown}
 d - a scroll of blinking
 h - a scroll of teleportation
 j - a scroll of noise {unknown}
 k - a scroll of enchant weapon {unknown}
 l - a scroll of enchant armour {unknown}
 n - 2 scrolls of remove curse {unknown}
Comestibles
 f - 3 rations
 g - a chunk of flesh


   Skills:
 + Level 2.0 Fighting
 * Level 3.4 Maces & Flails
 - Level 0.8 Throwing
 + Level 1.8 Armour
 - Level 2.0 Dodging
 + Level 1.9 Spellcasting
   Level 2.6 Translocations


You had 6 spell levels left.
You didn't know any spells.
Your spell library contained the following spells:

 Spells                   Type           Power        Failure   Level  Hunger
 Apportation              Tloc           ##....       11%         1    #......
 Teleport Other           Tloc           ##......     32%         3    ###....
 Summon Small Mammal      Summ           #...         34%         1    #......
 Blink                    Tloc           N/A          17%         2    ###....
 Animate Skeleton         Necr           N/A          34%         1    #......
 Confusing Touch          Hex            #.....       34%         1    #......
 Passage of Golubria      Tloc           N/A          73%         4    #####..
 Shroud of Golubria       Chrm/Tloc      #.........   30%         2    ###....
 Gell's Gravitas          Tloc           ##........   32%         3    ###....
 Lesser Beckoning         Tloc           ##........   32%         3    ###....


Dungeon Overview and Level Annotations

Branches:
Dungeon (3/15)

Annotations:
D:3 Grinder


Innate Abilities, Weirdness & Mutations

You have an increased reservoir of magic. (+10% MP)


Message History

Unknown command.
You barely miss the hobgoblin.
The hobgoblin is lightly wounded.
The hobgoblin hits you.
* * * LOW HITPOINT WARNING * * *
Unknown command.
The adder hisses angrily.
You see here a hand axe.
Unknown command.
You aren't carrying any potions.
Throwing (i - inventory)
e - 3 tomahawks of dispersal (quivered)
Press: ? - help, Shift-Dir - straight line, f - adder, p - hobgoblin
Aim: an adder You throw a tomahawk of dispersal.
The tomahawk of dispersal barely misses the adder.
The adder bites you.
* * * LOW HITPOINT WARNING * * *
The hobgoblin completely misses you. The adder barely misses you.
The hobgoblin hits you.
You die...

###...................#
.................(....#
##....(.((...........##
#.#.g.K........(...###
#.#.........#)##.....#
.[##.......##.######.#
#......###.### #.#
#.###### #.S.# ### #.#
###@# #g## #g# #..# #K#
##g## #.# #..### #.####
##...## ###....######
###..###...........##
#...#.............##
#..................#


You could see an adder, a hobgoblin and a kobold.

Vanquished Creatures
  5 adders
  A worm (D:3)
  A dart slug (D:1)
  2 leopard geckos (D:1)
  4 orcs (D:3)
  A bat (D:3)
  A giant cockroach (D:3)
  5 goblins
  3 hobgoblins
  A frilled lizard (D:1)
  4 kobolds
  4 rats
  A toadstool (D:1)
33 creatures vanquished.

Vanquished Creatures (others)
  3 toadstools (D:1)
3 creatures vanquished.

Grand Total: 36 creatures vanquished

Notes
Turn   | Place    | Note
-------+----------+-------------------------------------------
     0 | D:1      | 4thArraOfDagon the Demigod Warper began the quest for the Orb.
     0 | D:1      | Reached XP level 1. HP: 17/17 MP: 5/5
     0 | D:1      | https://legowelt.bandcamp.com/track/psi-academy
   348 | D:1      | Reached skill level 2 in Maces & Flails
   445 | D:1      | Reached XP level 2. HP: 8/24 MP: 7/7
   816 | D:2      | Reached skill level 1 in Armour
   831 | D:2      | Reached XP level 3. HP: 23/29 MP: 8/8
   835 | D:2      | Reached skill level 3 in Maces & Flails
  1462 | D:3      | Reached XP level 4. HP: 25/36 MP: 9/9
  1489 | D:3      | Noticed Grinder
  1534 | D:3      | Slain by a hobgoblin

Vault maps used:
D:1:      ldierk_water_garden, solitary_fountain
D:3:      first_ration, uniq_grinder

Skill      XL: |  1  2  3 |
---------------+----------+-----
Maces & Flails | 2 3 |  3.4
Dodging        | 2 |  2.0
Armour         | 1 |  1.8
Fighting       | 2 |  2.0
Throwing       | |  0.8
Spellcasting   | |  1.9
Translocations | |  2.6

Action                   |  1- 3 |  4- 6 || total
-------------------------+-------+-------++-------
Melee: Mace              |   155 |     9 ||   164
Throw: Tomahawk          |       |     3 ||     3
  Use: Potion            |     2 |       ||     2
       Scroll            |       |     1 ||     1
  Eat: Chunk             |     3 |       ||     3
Armor: Leather armour    |     9 |       ||     9
       Ring mail         |    51 |     6 ||    57
       Skin              |    18 |       ||    18
Dodge: Dodged            |    93 |     6 ||    99

Table legend:
 A = Spawn XP
 B = Non-spawn XP
 C = Spawn XP percentage of total XP
 D = Spawn monster count
 E = Non-spawn monster count
 F = Spawn count percentage of total count
 G = Total turns spent on level
                    A         B        C        D         E        F      G
               +---------+---------+-------+---------+---------+-------+---------
         Total |       0 |     124 |   0.0 |       0 |      32 |   0.0 |  1534
               +---------+---------+-------+---------+---------+-------+---------
           D:1 |       0 |      23 |   0.0 |       0 |      13 |   0.0 |   731
           D:2 |       0 |      64 |   0.0 |       0 |      10 |   0.0 |   446
           D:3 |       0 |      37 |   0.0 |       0 |       9 |   0.0 |   357
               +---------+---------+-------+---------+---------+-------+---------
